AoeStats
← 西安兰花

Arena

509606042Analyzed
1v1 RM · 3d ago on Sep 27, 2026· 44m 33s· 2 players
Game mode
Random Map
Map size
Tiny (2 player)
Population
200
Speed
Normal
Resources
Standard
Victory
Conquest
Starting age
Dark Age
Ending age
Imperial Age
RankedLock teamsTeams togetherTeam positionsShared explorationLock speedFull tech treeHidden civsTurbo modeCheats
Victory
Defeat
🇨🇭 Khmer · Switzerland
811
+15
🇨🇳 Sicilians · China
782
-15
西安兰花
12:09 Loom
13:56 Feudal Age
25:15 Castle Age
26:33 Double-Bit Axe
30:02 Bow Saw
31:23 Horse Collar
32:06 Heavy Plow
32:38 Stone Mining
32:40 Gold Mining
37:41 Imperial Age
36:29 Scale Mail Armor
36:40 Forging
36:36 Scale Barding Armor
36:33 Padded Archer Armor
37:51 Stone Shaft Mining
37:54 Gold Shaft Mining
38:05 Wheelbarrow
37:18 Town Watch
38:01 First Crusade
39:16 Chain Mail Armor
39:37 Iron Casting
39:25 Chain Barding Armor
39:39 Elite Serjeant
40:55 Hoardings
41:37 Hoardings
41:10 Husbandry
40:31 Cavalier
40:45 Cavalier
42:38 Crop Rotation
43:32 Conscription
43:58 Plate Mail Armor
45:04 Blast Furnace
flural
5:39 Loom
13:48 Feudal Age
14:28 Double-Bit Axe
14:45 Gold Mining
14:44 Horse Collar
18:15 Castle Age
16:30 Stone Mining
19:51 Heavy Plow
20:03 Bow Saw
27:04 Wheelbarrow
27:21 Gold Shaft Mining
27:24 Stone Shaft Mining
30:41 Imperial Age
28:27 Husbandry
27:50 Light Cavalry
29:20 Hand Cart
28:54 Pikeman
29:23 Arson
30:02 Bloodlines
30:27 Town Watch
31:27 Elite Battle Elephant
32:52 Halberdier
34:17 Town Patrol
36:42 Hussar
38:47 Conscription
43:11 Tusk Swords
42:42 Elite Skirmisher
Connection lost

Rejoining the realm…

Still unreachable

The connection could not be restored.

Session expired

The server has moved on; the page needs a fresh start.